 Dungeon Crawl Stone Soup version 0.20.1-1-g8b1a95d (webtiles) character file.

207 Irenicus the Shield-Bearer (level 5, -7/42 HPs)
             Began as a Deep Dwarf Ice Elementalist on Nov 3, 2017.
             Mangled by Edmund
             ... wielding a +3 dire flail of venom
              (8 damage)
             ... on level 4 of the Dungeon.
             The game lasted 00:08:58 (1447 turns).

Irenicus the Shield-Bearer (DDIE)                   Turns: 1447, Time: 00:08:58

Health: -7/42      AC:  4    Str: 11    XL:     5   Next: 54%
Magic:  1/6        EV: 12    Int: 16    God:
Gold:   160        SH:  7    Dex: 14    Spells: 5/8 levels left

rFire    . . .     SeeInvis .   f - +0 hand axe
rCold    . . .     Gourm    .   r - +2 buckler
rNeg     . . .     Faith    .   l - +0 leather armour
rPois    .         Spirit   .   w - +0 helmet (curse)
rElec    .         Reflect  .   (no cloak)
rCorr    .         Harm     .   (no gloves)
MR       .....                  (no boots)
Stlth    ++........             n - amulet of magic regeneration
Regen    0.0/turn               (no ring)
MPRegen  0.2/turn               (no ring)

@: lethally poisoned (-7 -> -7), non-regenerating
A: damage resistance, heal wounds, sense surroundings 1, no regeneration
a: Heal Wounds


You were on level 4 of the Dungeon.
You were near starving.

You visited 1 branch of the dungeon, and saw 4 of its levels.

You collected 160 gold pieces.

Inventory:

Hand Weapons
 f - a +0 hand axe (weapon)
Armour
 a - a +0 robe
 l - a +0 leather armour (worn)
 r - a +2 buckler (worn)
 w - a cursed +0 helmet (worn)
Jewellery
 n - an amulet of magic regeneration (around neck)
 p - a +2 ring of evasion {unknown}
Wands
 u - a wand of polymorph (7/24)
Scrolls
 d - a scroll of magic mapping {unknown}
 e - 2 scrolls of identify {unknown}
 g - 2 scrolls of teleportation {unknown}
 i - a scroll of fear {unknown}
 k - 3 scrolls of blinking {unknown}
 m - a scroll of enchant armour {unknown}
 o - a scroll of enchant weapon {unknown}
 s - 2 scrolls of immolation {unknown}
 t - a scroll of recharging {unknown}
 v - a scroll of noise {unknown}
 y - 2 scrolls of remove curse {unknown}
 z - a scroll of fog {unknown}
Potions
 j - a potion of haste
Books
 b - a book of Frost

   Spells                             Type                      Level
   a - Freeze                         Ice                          1
   b - Throw Frost                    Conjuration/Ice              2
   c - Ozocubu's Armour               Charms/Ice                   3
   d - Throw Icicle                   Conjuration/Ice              4
   e - Summon Ice Beast               Ice/Summoning                4
 q - a book of Cantrips

   Spells                             Type                      Level
   a - Confusing Touch                Hexes                        1
   b - Animate Skeleton               Necromancy                   1
   c - Summon Small Mammal            Summoning                    1
   d - Apportation                    Translocation                1
Comestibles
 c - 2 bread rations
 h - 3 meat rations
 x - a royal jelly


   Skills:
 - Level 3.2 Axes
 - Level 2.3 Dodging
 - Level 2.4 Stealth
 + Level 4.2 Shields
 - Level 2.1 Spellcasting
 - Level 1.0 Conjurations
 - Level 2.6 Ice Magic


You had 5 spell levels left.
You knew the following spells:

 Your Spells              Type           Power        Failure   Level  Hunger
a - Freeze                Ice            ##..         9%          1    #......
b - Throw Frost           Conj/Ice       #.....       19%         2    ###....


Dungeon Overview and Level Annotations

Branches:
Dungeon (4/15)
 Temple: D:4-7

Altars:
Dithmenos
Hepliaklqana
Kikubaaqudgha

Shops:
D:4 }

Annotations:
D:4 Dowan, Duvessa, Edmund


Innate Abilities, Weirdness & Mutations

You are resistant to damage.
You can heal yourself by infusing magical energy.
You passively map a small area around you.
You do not regenerate.


Message History

Edmund barely misses you.
You hit Edmund.
Edmund is moderately wounded.
You block Edmund's attack.
You hit Edmund but do no damage.
Edmund is moderately wounded.
Edmund hits you with a dire flail of venom!
* * * LOW HITPOINT WARNING * * *
You are more poisoned.
Okay, then.
* * * LOW HITPOINT WARNING * * *
You feel sick.
You fail to use your ability.
* * * LOW HITPOINT WARNING * * *
You feel sick. Edmund barely misses you.
You fail to use your ability.
* * * LOW HITPOINT WARNING * * *
You feel sick.
Edmund hits you with a dire flail of venom!
You die...

######## ##......##
##........##
#..........#
#..........#
#..........#
#######(.........#
#..[.@@..........#
########........##
##........## ,
#.@........# *,
#..........##
####...........#
#..........[......#
#.................#
*
#..........(......#


You could see Edmund.

Vanquished Creatures
  A howler monkey (D:4)
  A worker ant (D:4)
  A hound skeleton (D:4)
  Robin (D:3)
  6 adders
  3 dart slugs
  4 leopard geckos
  6 orcs (D:3)
  3 bats (D:3)
  4 giant cockroaches
  5 hobgoblins
  2 jackals (D:3)
  2 frilled lizards (D:2)
  11 goblins
  5 kobolds
  3 rats
58 creatures vanquished.

Notes
Turn   | Place    | Note
-------+----------+-------------------------------------------
     0 | D:1      | Irenicus the Deep Dwarf Ice Elementalist began the quest for the Orb.
     0 | D:1      | Reached XP level 1. HP: 15/15 MP: 3/3
   106 | D:1      | Reached XP level 2. HP: 16/22 MP: 1/5
   125 | D:1      | Reached skill level 1 in Axes
   188 | D:1      | Learned a level 2 spell: Throw Frost
   326 | D:2      | HP: 1/22 [adder (3)]
   386 | D:2      | Reached XP level 3. HP: 25/28 MP: 2/5
   552 | D:2      | Found an ancient bone altar of Kikubaaqudgha.
   694 | D:2      | Reached skill level 1 in Conjurations
   912 | D:3      | Reached XP level 4. HP: 11/36 MP: 0/6
   916 | D:3      | Reached skill level 1 in Shields
   963 | D:3      | Noticed Robin
   977 | D:3      | Reached skill level 2 in Shields
   983 | D:3      | Killed Robin
  1253 | D:3      | Found a hazy altar of Hepliaklqana.
  1259 | D:3      | Found a shadowy altar of Dithmenos.
  1307 | D:4      | Noticed Duvessa
  1307 | D:4      | Noticed Dowan
  1336 | D:4      | Found Uciqienn's Gadget Shoppe.
  1348 | D:4      | Reached skill level 3 in Shields
  1357 | D:4      | Reached XP level 5. HP: 5/42 MP: 0/7
  1402 | D:4      | Reached skill level 4 in Shields
  1425 | D:4      | Noticed Edmund
  1447 | D:4      | HP: 1/42 [poisoned by Edmund]
  1447 | D:4      | Mangled by Edmund

Skill      XL: |  1  2  3  4  5 |
---------------+----------------+-----
Spellcasting   | 2 |  2.1
Axes           | 2 3 |  3.2
Conjurations   | 1 |  1.0
Shields        | 3 4 |  4.2
Dodging        | |  2.3
Stealth        | |  2.4
Ice Magic      | |  2.6

Action                   |  1- 3 |  4- 6 || total
-------------------------+-------+-------++-------
Melee: Hand axe          |    52 |    63 ||   115
 Cast: Freeze            |    39 |    29 ||    68
       Throw Frost       |     2 |     3 ||     5
 Abil: Heal Wounds       |     1 |     3 ||     4
  Use: Potion            |     1 |     1 ||     2
 Stab: Sleeping          |     1 |       ||     1
  Eat: Chunk             |     1 |     1 ||     2
Armor: Robe              |     9 |       ||     9
       Leather armour    |    10 |    18 ||    28
Dodge: Dodged            |    52 |    62 ||   114
Block: Buckler           |    10 |    36 ||    46
